 Dungeon Crawl Stone Soup version 0.13-a0-2531-g2ad9301 (webtiles) character file.

119 Kae the Firebug (level 3, 0/19 HPs)
             Began as a Tengu Fire Elementalist on July 26, 2013.
             Succumbed to an adder's poison
             ... on Level 2 of the Dungeon.
             The game lasted 00:02:14 (1159 turns).

Kae the Firebug (Tengu Fire Elementalist)           Turns: 1159, Time: 00:02:14

HP   0/19        AC  2     Str  6 (8)  XL: 3   Next: 47%
MP   7/7         EV 12     Int 16      God:
Gold 80          SH  0     Dex 14      Spells:  2 memorised,  1 level left

Res.Fire  : . . .   See Invis. : .   h - +4,+1 elf whip (freeze)
Res.Cold  : . . .   Warding    : .   a - +0 robe
Life Prot.: . . .   Conserve   : .   (no shield)
Res.Poison: .       Res.Corr.  : .   (helmet restricted)
Res.Elec. : .       Clarity    : .   (no cloak)
Sust.Abil.: . .     Spirit.Shd : .   (no gloves)
Res.Mut.  : .       Stasis     : .   (boots unavailable)
Res.Rott. : .       Flight     : .   (no amulet)
Saprovore : . . .                    (no ring)
                                     (no ring)

@: mildly poisoned, very slightly contaminated, not resistant to hostile
enchantments, fairly stealthy
A: beak, talons 3
a: no special abilities


You were on level 2 of the Dungeon.
You were hungry.

You visited 1 branch of the dungeon, and saw 2 of its levels.

You collected 60 gold pieces.

Inventory:

Hand weapons
 e - a +0,+0 dagger (quivered)
 h - a +4,+1 elven whip of freezing (weapon)
Armour
 a - a +0 robe (worn)
Comestibles
 c - a bread ration
 d - a pear
Scrolls
 g - a scroll of identify
 j - a scroll of blinking
 k - 5 scrolls of remove curse
 l - a scroll of fear {unknown}
 m - a scroll of fog {unknown}
Potions
 f - a potion of degeneration
Books
 b - a book of Flames

   Spells                             Type                      Level
   *Flame Tongue                      Conjuration/Fire             1
   *Throw Flame                       Conjuration/Fire             2
   Conjure Flame                      Conjuration/Fire             3
   Inner Flame                        Hexes/Fire                   3
   Sticky Flame                       Conjuration/Fire             4
   Fireball                           Conjuration/Fire             5


   Skills:
 - Level 2.1 Dodging
 - Level 2.0 Stealth
 + Level 1.3 Spellcasting
 * Level 3.2 Conjurations
 + Level 3.8 Fire Magic


You had one spell level left.
You knew the following spells:

 Your Spells              Type           Power        Failure   Level  Hunger
a - Flame Tongue          Conj/Fire      ##...        8%          1    ##.....
b - Throw Flame           Conj/Fire      ##....       10%         2    ###....


Dungeon Overview and Level Annotations

Branches:
Dungeon (2/27)

Altars:


Innate Abilities, Weirdness & Mutations

You have a beak for a mouth.
You have claws for feet.


Message History

There was something very wrong with that liquid!
You feel weakened.
It was a potion of degeneration.
Drink which item? (? for menu, Esc to quit)
Magic courses through your body.
It was a potion of magic.
You start resting.
* * * LOW HITPOINT WARNING * * *
You feel sick.
Drink which item? (? for menu, Esc to quit)
Okay, then.
Read which item? (? for menu, Esc to quit)
As you read the scroll labeled LYS OMMONGUIRY, it crumbles to dust.
Use on which item? (\ to view known items) (? for menu, Esc to quit)
h - a +4,+1 elven whip of freezing (weapon)
Identify which item? (? for menu, Esc to quit)
k - 5 scrolls of remove curse Identify which item? (? for menu, Esc to quit)
j - a scroll of blinking It was a scroll of identify.
You die...

#.# #.# #.# #.# #.# #.#
###.###########.###.##
................#......
##.....##########.......
#.............. .......
#.....######### .......
#################........
.....<..........@........
#################....[$..
....... ....... #######


There were no monsters in sight!

Vanquished Creatures
  An adder (D:2)
  A giant gecko (D:1)
  3 giant cockroaches (D:1)
  2 hobgoblins (D:1)
  3 jackals (D:1)
  3 quokkas (D:2)
  3 bats
  A giant newt (D:2)
  A goblin (D:1)
  7 kobolds
  2 rats (D:1)
27 creatures vanquished.

Notes
Turn   | Place    | Note
--------------------------------------------------------------
     0 | D:1      | Kae, the Tengu Fire Elementalist, began the quest for the Orb.
     0 | D:1      | Reached XP level 1. HP: 10/10 MP: 3/3
   352 | D:1      | Reached XP level 2. HP: 15/15 MP: 3/5
   409 | D:1      | Learned a level 2 spell: Throw Flame
  1079 | D:2      | Reached XP level 3. HP: 12/19 MP: 6/6
  1159 | D:2      | Succumbed to an adder's poison

Action                   || total
-------------------------++-------
Melee: Unarmed           ||     5
       Whip              ||    23
 Cast: Flame Tongue      ||    31
  Use: Potion            ||     2
       Scroll            ||     1
 Stab: Sleeping          ||     1
